 Dungeon Sprint DCSS version 0.30-a0-439-g9e77e4d916 (webtiles) character file.

Game seed: 14989208581860078317

10791 mhtbhm the Executioner (level 11, -14/110 HPs)
             Began as a Minotaur Fighter on Dec 11, 2022.
             Was the Champion of Makhleb.
             Killed by the air
             ... invoked by a titan
              (17 damage)
             ... while paralysed by a wendigo
             ... in the Dungeon (Sprint V: "Ziggurat Sprint").
             The game lasted 00:04:11 (863 turns).

mhtbhm the Executioner (Minotaur Fighter)            Turns: 863, Time: 00:04:12

Health: -14/110    AC: 26    Str: 36    XL:     11   Next: 40%
Magic:  18/18      EV:  2    Int:  8    God:    Makhleb [******]
Gold:   0          SH:  0    Dex: 11    Spells: 10/10 levels left

rFire   + . .      SeeInvis +    a - +14 obsidian axe {vorpal, Mesm Drain Fly SInv}
rCold   + . .      Faith    +    c - +18 shield of the Gong {rElec rN+ Will+ EV-5}
rNeg    + . .      Spirit   .    b - +5 gold dragon scales
rPois   +          Reflect  .    (helmet restricted)
rElec   +          Harm     .    v - +1 cloak of Context {rElec Int+3}
rCorr   .          Rampage  .    (no gloves)
Will    +....      NoTele   +    (no boots)
Stlth   ..........               E - amulet of faith
HPRegen 0.38/turn                A - +6 ring of strength
MPRegen 0.16/turn                B - +6 ring of strength

@: paralysed, flying, mesmerised
A: horns 2, retaliatory headbutt
a: Renounce Religion, Minor Destruction, Lesser Servant of Makhleb, Major
Destruction, Greater Servant of Makhleb


You were in the Dungeon.
You worshipped Makhleb.
Makhleb was exalted by your worship.
You visited 1 branch

Inventory:

Hand Weapons
 a - the +14 obsidian axe (weapon) {vorpal, Mesm Drain Fly SInv}
   (You found it in the Dungeon)

   It inflicts extra damage upon your enemies.
   It occasionally summons demons to assist the wielder when it strikes in
   combat.
   Its wielder is mesmerised by any visible foes.
   It cannot be unequipped while any foes are visible.
   SInv:      It lets you see invisible.
   Fly:       It grants you flight.
   Drain:     It drains your maximum health when unequipped.
Armour
 b - +5 gold dragon scales (worn)
 c - the +18 shield of the Gong (worn) {rElec rN+ Will+ EV-5}
   (You found it in the Dungeon)

   It is deafeningly noisy when blocking attacks.
   EV:        It affects your evasion (-5).
   rElec:     It insulates you from electricity.
   rN:        It protects you from negative energy.
   Will:      It increases your willpower.
 v - the +1 cloak of Context (worn) {rElec Int+3}
   (You found it in the Dungeon)

   Int:       It affects your intelligence (+3).
   rElec:     It insulates you from electricity.
Jewellery
 x - a ring of resist corrosion
 A - a +6 ring of strength (left hand)
 B - a +6 ring of strength (right hand)
 E - an amulet of faith (around neck)
Wands
 s - a wand of mindburst (7)
 t - a wand of iceblast (7)
 u - a wand of light (7)
Scrolls
 j - 4 scrolls of blinking
 k - 4 scrolls of amnesia
 l - 7 scrolls of fog
 m - 5 scrolls of identify
 n - 2 scrolls of fear
Potions
 d - 6 potions of might
 e - 9 potions of curing
 f - 13 potions of heal wounds
 g - 6 potions of haste
 h - 7 potions of magic
 i - 3 potions of berserk rage
 o - 2 potions of brilliance
 p - 2 potions of invisibility
 q - 4 potions of resistance
 r - a potion of experience
Miscellaneous
 w - a condenser vane (inert)
 y - a tin of tremorstones (2/2)
 z - a phantom mirror
 C - a lightning rod (4/4)


   Skills:
 + Level 14.2 Fighting
 * Level 22.5 Axes
 + Level 13.3 Armour
 + Level 14.6 Shields
 * Level 11.9 Invocations
 + Level 0.5 Evocations


You had 10 spell levels left.
You didn't know any spells.
Your spell library contained the following spells:

 Spells                   Type           Power      Damage    Failure   Level
 Magic Dart               Conj           0%         1d3       100%        1
 Sandblast                Erth           0%         2d4       100%        1
 Call Imp                 Summ           0%         N/A       100%        2
 Passwall                 Tmut/Erth      0%         N/A       100%        2
 Mephitic Cloud           Conj/Pois/Air  0%         N/A       100%        3
 Stone Arrow              Conj/Erth      0%         3d7       100%        3
 Yara's Violent Unravell  Hex/Tmut       0%         3d3       100%        5
 Enfeeble                 Hex            0%         N/A       100%        7


Dungeon Overview and Level Annotations

Branches:
Dungeon (1/1)

Altars:
Ashenzari
Cheibriados
Dithmenos
Elyvilon
Fedhas
Gozag
Hepliaklqana
Kikubaaqudgha
Makhleb
Nemelex Xobeh
Okawaru
Qazlal
Ru
Sif Muna
Trog
Uskayaw
Vehumet
Wu Jian
Xom
Yredelemnul
Zin
The Shining One
Jiyva
Lugonu

Annotations:
D 1 transporter


Innate Abilities, Weirdness & Mutations

You have a pair of horns on your head.
You reflexively headbutt those who attack you in melee.


Message History

The tormentor calls on the powers of darkness!
The titan convulses!
The frost giant convulses!
Your body is wracked with pain!
Unknown command.
Unknown command.
A ball python simulacrum and a titan come into view.
Found five items.
The titan shouts!
The titan is engulfed in noxious fumes.
The quokka simulacrum bites your sun demon but does no damage.
The frost giant is engulfed in noxious fumes.
Unknown command.
Unknown command.
Found a transporter.
Visions of slaying the titan flood into your mind.
Your sun demon hits the wendigo!
The wendigo is engulfed in flames!!
The wendigo is burned terribly!
The titan is engulfed in noxious fumes.
The frost giant is engulfed in noxious fumes.
The quokka simulacrum misses your sun demon.
You barely miss the titan.
The titan is heavily wounded.
The tormentor hits your sun demon but does no damage. x2
Your sun demon hits the tormentor!
The tormentor is engulfed in flames.
The tormentor resists.
The titan is engulfed in noxious fumes.
You block the titan's attack.
PTOANNNG!
The wendigo fires a burst of electricity at you.
The stunning burst hits the titan.
The titan completely resists.
The stunning burst hits you! You resist.
You suddenly lose the ability to move!
The tormentor calls on the powers of darkness!
The titan convulses! x2; The frost giant convulses!
Your body is wracked with pain!
* * * LOW HITPOINT WARNING * * *
Your sun demon hits the tormentor!
The tormentor is engulfed in flames!
The tormentor resists.
The titan is engulfed in noxious fumes.
The frost giant points at you and mumbles some strange words.
The bolt of cold hits you!! You resist.
* * * LOW HITPOINT WARNING * * *
The titan waves its arms in wide circles.
The air twists around and strikes you!
You die...

▓▓▓▓▓▓▓▓▓▓▓▓▓▓▓▓▓▓▓
▓...8©8...▓...8©8...▓
▓..=)}?[..▓..=})))..▓
▓.§§§§§§..▓....)||..▓
▓.§§§§§°..▓.........▓
▓.§2CZZ☼..▓.........▓
▓...3RZ...▓.........▓
▓...ZCC...▓.........▓
▓....@....▓.........▓
▓.▓.....▓.▓....©....▓
▓....©....▓▓▓▓▓▓▓▓▓▓▓
▓▓▓▓▓▓▓▓▓▓▓


You could see 2 titans, a frost giant, a wendigo, a tormentor (ally target), 2
ball python simulacra, a quokka simulacrum, a giant cockroach simulacrum and a
friendly sun demon (summoned).

Vanquished Creatures
  A black draconian (D)
  2 two-headed ogres (D)
  3 ugly things (D)
  A cyclops (D)
  3 draconians (D)
  5 toenail golems (D)
  A komodo dragon (D)
  2 trolls (D)
  A tarantella (D)
  A wyvern (D)
  A basilisk (D)
  2 hell hounds (D)
  A floating eye (D)
  An ogre (shapeshifter) (D)
  3 ogres (D)
  2 earth elementals (D)
  2 scorpions (D)
  A jelly (D)
  2 iguanas (D)
  2 river rats (D)
  A white imp (D)
  2 bat skeletons (D)
  2 endoplasms (D)
  A jackal (D)
  A ball python zombie (D)
44 creatures vanquished.

Vanquished Creatures (collateral kills)
  A black draconian (D)
  3 draconians (D)
  A toenail golem (D)
  A komodo dragon (D)
  2 scorpions (D)
  An earth elemental (D)
  A river rat (D)
10 creatures vanquished.

Vanquished Creatures (others)
  A bat simulacrum (D)
1 creature vanquished.

Grand Total: 55 creatures vanquished

Notes
Turn   | Place    | Note
-------+----------+-------------------------------------------
     0 | D        | mhtbhm the Minotaur Fighter began the quest for the Orb.
     0 | D        | Reached XP level 1. HP: 19/19 MP: 0/0
    16 | D        | Found a blossoming altar of Fedhas.
    16 | D        | Found the +6 Majin-Bo {vamp, MP+6 Int+6}
    16 | D        | Found the +27 heavy crossbow "Sniper" {vorpal, Acc+∞ SInv}
    16 | D        | Found the +10 dark maul {vorpal}
    16 | D        | Found the +15 Maxwell's patent armour {-Cast -Tele rElec
                  | Will+ rCorr}
    16 | D        | Found the +18 shield of the Gong {rElec rN+ Will+ EV-5}
    16 | D        | Found the +14 obsidian axe {vorpal, Mesm Drain Fly SInv}
    16 | D        | Found the +7 great mace "Firestarter" {inner flame, rF++}
    16 | D        | Found the +6 shillelagh "Devastator" {shatter}
    16 | D        | Found the +11 plutonium sword {Contam Stlth-}
    16 | D        | Found the +8 lance "Wyrmbane" {slay drac, rPois rF+ rC+
                  | AC+3}
    16 | D        | Found the +9 sword of Zonguldrok {reap}
    16 | D        | Found the +13 scythe of Curses {drain, Drain}
    16 | D        | Found the +5 sword of Power {vorpal}
    16 | D        | Found the +7 mace of Variability {chain chaos}
    16 | D        | Found the +7 Singing Sword {vorpal, sonic wave}
    16 | D        | Found the +8 storm bow {elec, penet}
    17 | D        | Found a transporter.
    17 | D        | Found a viscous altar of Jiyva.
    17 | D        | Found an ancient bone altar of Kikubaaqudgha.
    17 | D        | Found a hazy altar of Hepliaklqana.
    17 | D        | Found a corrupted altar of Lugonu.
    17 | D        | Found an opulent altar of Gozag.
    17 | D        | Found a burning altar of Makhleb.
    18 | D        | Found a sacrificial altar of Ru.
    18 | D        | Found a shimmering blue altar of Sif Muna.
    18 | D        | Found a stormy altar of Qazlal.
    18 | D        | Found a bloodstained altar of Trog.
    18 | D        | Found an iron altar of Okawaru.
    18 | D        | Found a sparkling altar of Nemelex Xobeh.
   125 | D        | Became a worshipper of Makhleb the Destroyer
   136 | D        | Entered arena 2.
   136 | D        | Noticed a troll
   136 | D        | Noticed an ogre
   136 | D        | Found a transporter.
   138 | D        | Killed an ogre
   139 | D        | Reached skill level 3 in Axes
   139 | D        | Reached XP level 2. HP: 4/30 MP: 0/3
   139 | D        | Reached XP level 3. HP: 5/37 MP: 0/4
   139 | D        | Reached XP level 4. HP: 6/44 MP: 0/5
   141 | D        | Killed a troll
   142 | D        | Reached skill level 4 in Axes
   142 | D        | Reached skill level 5 in Invocations
   142 | D        | Reached XP level 5. HP: 34/53 MP: 0/8
   142 | D        | Reached XP level 6. HP: 39/61 MP: 0/9
   145 | D        | Got the +1 cloak of Context {rElec Int+3}
   217 | D        | Got the ring "Fenur" {Str-5 Dex+8 Slay+4}
   222 | D        | Entered arena 3.
   222 | D        | Found a transporter.
   225 | D        | Reached * piety under Makhleb
   239 | D        | Entered arena 4.
   239 | D        | Noticed a green ugly thing
   239 | D        | Noticed a cyan ugly thing
   239 | D        | Noticed a white ugly thing
   239 | D        | Found a transporter.
   241 | D        | Reached ** piety under Makhleb
   242 | D        | Reached skill level 5 in Axes
   244 | D        | Killed a white ugly thing
   245 | D        | Reached skill level 10 in Fighting
   245 | D        | Reached skill level 6 in Axes
   245 | D        | Reached skill level 10 in Armour
   245 | D        | Reached skill level 10 in Shields
   245 | D        | Reached XP level 7. HP: 64/72 MP: 9/11
   248 | D        | Killed a white ugly thing
   249 | D        | Reached skill level 7 in Axes
   249 | D        | Reached XP level 8. HP: 41/81 MP: 9/12
   249 | D        | Killed a cyan ugly thing
   250 | D        | Reached skill level 8 in Axes
   367 | D        | Entered arena 5.
   367 | D        | Found a transporter.
   368 | D        | Paralysed by a floating eye for 2 turns
   370 | D        | Reached *** piety under Makhleb
   381 | D        | Entered arena 6.
   381 | D        | Noticed a tarantella
   381 | D        | Found a transporter.
   386 | D        | Reached **** piety under Makhleb
   387 | D        | Reached skill level 9 in Axes
   388 | D        | Reached skill level 10 in Axes
   388 | D        | Killed a tarantella
   389 | D        | Reached skill level 11 in Axes
   389 | D        | Reached XP level 9. HP: 90/90 MP: 14/14
   501 | D        | Entered arena 7.
   502 | D        | Found a transporter.
   504 | D        | Reached ***** piety under Makhleb
   507 | D        | Reached skill level 12 in Axes
   582 | D        | Entered arena 8.
   582 | D        | Noticed a two-headed ogre
   582 | D        | Noticed a two-headed ogre
   582 | D        | Noticed a cyclops
   582 | D        | Noticed a troll
   583 | D        | Found a transporter.
   585 | D        | Killed a troll
   586 | D        | Reached skill level 13 in Axes
   588 | D        | Killed a two-headed ogre
   589 | D        | Reached skill level 15 in Axes
   589 | D        | Killed a cyclops
   590 | D        | Reached skill level 17 in Axes
   591 | D        | Killed a two-headed ogre
   591 | D        | Reached ****** piety under Makhleb
   592 | D        | Reached skill level 18 in Axes
   592 | D        | Reached skill level 10 in Invocations
   592 | D        | Reached XP level 10. HP: 78/99 MP: 14/16
   761 | D        | Entered arena 9.
   762 | D        | Found a transporter.
   770 | D        | Reached skill level 19 in Axes
   776 | D        | Got the ring of Suagikk {rPois rF+}
   785 | D        | Entered arena 10.
   785 | D        | Noticed a draconian
   785 | D        | Noticed a draconian
   785 | D        | Noticed a black draconian
   785 | D        | Noticed a draconian
   785 | D        | Noticed a draconian
   785 | D        | Noticed a draconian
   785 | D        | Noticed a black draconian
   785 | D        | Noticed a draconian
   787 | D        | Found a transporter.
   788 | D        | Killed a draconian
   791 | D        | Killed a draconian
   791 | D        | Killed a draconian
   791 | D        | Killed a draconian
   792 | D        | Reached skill level 20 in Axes
   792 | D        | Killed a draconian
   792 | D        | Killed a black draconian
   794 | D        | Killed a draconian
   795 | D        | Reached skill level 21 in Axes
   795 | D        | Reached XP level 11. HP: 107/107 MP: 16/18
   795 | D        | Killed a black draconian
   815 | D        | Entered arena 11.
   816 | D        | Found a transporter.
   825 | D        | Reached skill level 22 in Axes
   858 | D        | Entered arena 12.
   858 | D        | Noticed a wendigo
   858 | D        | Noticed a frost giant
   858 | D        | Noticed a titan
   860 | D        | Noticed a titan
   861 | D        | Found a transporter.
   862 | D        | Paralysed by a wendigo for 1 turns
   863 | D        | HP: 3/110 [frost giant/bolt of cold (24)]
   863 | D        | Killed from afar by a titan

Illustrated notes

Levels and vault maps discovered:
D:        sprint_v [room_start, room_1, room_2, room_3, room_4, room_5, room_6,
          room_7, room_8, room_9, room_10, room_11, room_12, room_13, room_14,
          room_15, room_16, room_17, room_18, room_19, room_20, room_21,
          room_22, room_23, room_24, room_25, room_26, room_27]

Skill      XL: |  1  2  3  4  5  6  7  8  9 10 11 |
---------------+----------------------------------+-----
Fighting       | 6 8 10 11 12 13 14 | 14.2
Axes           | 3 4 6 7 11 18 21 22 | 22.5
Armour         | 6 8 10 11 12 13 | 13.3
Shields        | 6 8 10 11 12 13 14 | 14.6
Invocations    | 3 5 7 9 10 11 | 11.9
Evocations     | |  0.5

Action                   |  1- 3 |  4- 6 |  7- 9 | 10-12 || total
-------------------------+-------+-------+-------+-------++-------
Melee: Broad axe         |     1 |    10 |    23 |    27 ||    61
       Headbutt          |       |     1 |     4 |     6 ||    11
Evoke: Condenser vane    |       |       |       |     2 ||     2
  Use: Potion            |       |     1 |     1 |       ||     2
Armor: Gold dragon scale |     3 |    11 |    10 |     5 ||    29
Dodge: Dodged            |       |     1 |     1 |       ||     2
Block: Kite shield       |     5 |     9 |    31 |    29 ||    74

Table legend: (Time is in decaauts)
 A = Elapsed time spent in this place.
 B = Non-inter-level travel time spent in this place.
 C = Inter-level travel time spent in this place.
 D = Time resting spent in this place.
 E = Time spent auto-exploring this place.
 F = Levels seen in this place.
 G = Mean time per level.
                   A        B        C        D        E       F      G
               +--------+--------+--------+--------+--------+-----+--------+
         Total |    865 |    865 |      0 |    475 |      0 |   1 |  865.0 |
       Dungeon |    865 |    865 |      0 |    475 |      0 |   1 |  865.0 |
               +--------+--------+--------+--------+--------+-----+--------+

Top non-repeatable levels by time:
       D: 865 daAuts
